 Dungeon Crawl Stone Soup version 0.27.1-3-gb3d3a73c9e (webtiles) character file.

Game seed: 5233934088711652175

846 Madoushi the Chopper (level 7, -9/62 HPs)
             Began as a Minotaur Berserker on Oct 13, 2021.
             Was a Priest of Trog.
             Mangled by a gnoll (15 damage)
             ... on level 7 of the Dungeon.
             The game lasted 00:18:31 (3689 turns).

Madoushi the Chopper (Minotaur Berserker)           Turns: 3689, Time: 00:18:31

Health: -9/62      AC:  3    Str: 27    XL:     7   Next: 68%
Magic:  6/6        EV: 13    Int:  5    God:    Trog [***...]
Gold:   219        SH:  0    Dex: 11    Spells: 6/6 levels left

rFire    . . .     SeeInvis .   e - +1 hand axe (distort)
rCold    . . .     Faith    .   (no shield)
rNeg     . . .     Spirit   .   b - +0 animal skin
rPois    .         Reflect  .   (helmet restricted)
rElec    .         Harm     .   (no cloak)
rCorr    .         Rampage  .   f - +0 pair of gloves
Will     .....                  (no boots)
Stlth    ++........             (no amulet)
HPRegen  0.20/turn              g - +6 ring of strength
MPRegen  0.10/turn              (no ring)

@: on berserk cooldown, slowed, very slow
A: horns 2, retaliatory headbutt
a: Renounce Religion, Berserk, Trog's Hand


You were on level 7 of the Dungeon.
You worshipped Trog.
Trog was most pleased with you.
You visited 1 branch of the dungeon, and saw 6 of its levels.

You collected 219 gold pieces.

Inventory:

Hand Weapons
 a - a +0 hand axe
 d - a +1 short sword of venom
 e - a +1 hand axe of distortion (weapon)
Missiles
 c - 51 arrows
Armour
 b - a +0 animal skin (worn)
 f - a +0 pair of gloves (worn)
 h - a +0 ring mail
Jewellery
 g - a +6 ring of strength (left hand)
Scrolls
 k - a scroll of summoning
 l - a scroll of noise {unknown}
 o - a scroll of identify
Potions
 i - a potion of brilliance
 j - a potion of resistance
 m - a potion of mutation {unknown}
 n - 2 potions of heal wounds {unknown}
 p - a potion of curing {unknown}
 q - a potion of attraction {unknown}


   Skills:
 + Level 5.8 Fighting
 + Level 7.7 Axes
 + Level 2.8 Armour
 + Level 4.9 Dodging
 + Level 2.6 Stealth


You had 6 spell levels left.
You didn't know any spells.
Your spell library contained the following spells:

 Spells                   Type           Power      Damage    Failure   Level
 Summon Guardian Golem    Hex/Summ       0%         N/A       85%         3
 Orb of Destruction       Conj           0%         N/A       100%        7
 Spellforged Servitor     Conj/Summ      0%         N/A       100%        7


Dungeon Overview and Level Annotations

Branches:
Dungeon (5/15)
 Temple: D:4-7

Altars:
Ashenzari
Elyvilon
Okawaru


Innate Abilities, Weirdness & Mutations

You have a pair of horns on your head.
You reflexively headbutt those who attack you in melee.


Message History

Unknown command.
A red film seems to cover your vision as you go berserk!
You feel yourself moving faster!
You feel mighty!
The steam dragon hisses angrily.
A gnoll comes into view. It is wielding a +0 spear.
The steam dragon breathes steam at you. The ball of steam hits you!
The gnoll shouts!
You slash the steam dragon!
Space warps horribly around the steam dragon!
You kill the steam dragon!
Trog accepts your kill.
You are engulfed in a cloud of scalding steam.
You feel a strong urge to attack something.
A gnoll comes into view.
It is wielding a +0 halberd of protection.
A gnoll comes into view. It is wielding a +0 halberd.
You are engulfed in a cloud of scalding steam.
The gnoll shouts! x2
You feel your anger nearly subside.
You are no longer berserk.
You are exhausted.
You feel yourself slow down. The gnoll closely misses you.
The gnoll hits you with a +0 spear!
The gnoll hits you from afar with a +0 spear.
The gnoll hits you from afar with a +0 spear!
The gnoll barely misses you. The gnoll barely misses you.
The gnoll closely misses you. The gnoll hits you but does no damage.
The gnoll closely misses you.
You closely miss the gnoll. The gnoll closely misses you.
The gnoll barely misses you. The gnoll closely misses you.
You hit the gnoll.
Space warps horribly around the gnoll!
You headbutt the gnoll.
You kill the gnoll!
Trog accepts your kill.
You are engulfed in a cloud of scalding steam.
The gnoll hits you from afar with a +0 spear.
* * * LOW HITPOINT WARNING * * *
The gnoll hits you from afar with a +0 halberd!
* * * LOW HITPOINT WARNING * * *
The gnoll hits you from afar with a +0 halberd of protection!
You die...

..............#
#..............#
#..............#
#..............#
#..............#
#........?...##
##.....§......#
####...§.....#
#.@)......#
#.........#
#ggg......#
#.........#
#.........#
##.###..### #..
#.... #.. .....
...$?


You could see 3 gnolls.

Vanquished Creatures
  A steam dragon (D:7)
  A black bear (D:4)
  An ogre (D:4)
  A scorpion (D:4)
  2 centaur skeletons
  An iguana (D:4)
  A hound skeleton (D:4)
  A gnoll (D:7)
  7 adders
  2 ufetubi
  3 adder skeletons (D:4)
  2 worms
  3 dart slugs
  2 orcs (D:3)
  7 bats
  6 endoplasms
  3 giant cockroaches
  6 goblins
  9 hobgoblins
  3 jackals (D:1)
  10 kobolds
  6 quokkas
  10 ball pythons
  5 frilled lizards (D:2)
  8 rats
101 creatures vanquished.

Vanquished Creatures (others)
  4 fungi (D:2)
  3 plants (D:2)
7 creatures vanquished.

Grand Total: 108 creatures vanquished

Notes
Turn   | Place    | Note
-------+----------+-------------------------------------------
     0 | D:1      | Madoushi the Minotaur Berserker began the quest for the
                  | Orb.
     0 | D:1      | Reached XP level 1. HP: 19/19 MP: 0/0
    84 | D:1      | Reached XP level 2. HP: 8/27 MP: 1/1
   120 | D:1      | Reached skill level 4 in Axes
   923 | D:2      | Reached XP level 3. HP: 33/33 MP: 2/2
   996 | D:2      | Reached ** piety under Trog
  1147 | D:2      | Found a faded altar of an unknown god.
  1216 | D:2      | Reached XP level 4. HP: 41/41 MP: 3/3
  1305 | D:2      | Reached skill level 5 in Axes
  1917 | D:3      | Reached XP level 5. HP: 28/47 MP: 4/4
  2092 | D:3      | Reached *** piety under Trog
  2328 | D:3      | Found an iron altar of Okawaru.
  2598 | D:4      | Noticed a black bear
  2603 | D:4      | Reached skill level 1 in Stealth
  2613 | D:4      | Killed a black bear
  2614 | D:4      | Reached skill level 5 in Fighting
  2614 | D:4      | Reached skill level 6 in Axes
  2614 | D:4      | Reached XP level 6. HP: 41/56 MP: 5/5
  2796 | D:4      | Found a white marble altar of Elyvilon.
  2796 | D:4      | Found a broken altar of Ashenzari.
  3316 | D:5      | Entered Level 5 of the Dungeon
  3513 | D:5      | Noticed an ice beast
  3522 | D:5      | Banished an ice beast
  3523 | D:5      | Reached skill level 7 in Axes
  3523 | D:5      | Reached XP level 7. HP: 61/61 MP: 6/6
  3676 | D:5      | You fall into a shaft and drop 2 floors!
  3676 | D:7      | Noticed a steam dragon
  3681 | D:7      | Killed a steam dragon
  3689 | D:7      | Mangled by a gnoll

Illustrated notes

Levels and vault maps discovered:
D:1:      nicolae_arrival_washed_ashore, layout_rooms, serial_glass,
          glass_columns_b, glass_columns_a, glass_columns_b, glass_columns_a
D:2:      minmay_recursive_quarters, layout_rooms,
          dreamdust_ecumenical_altar_grove
D:3:      layout_loops_cross, okawaru_altar_gauntlet_db
D:4:      layout_gridville, gammafunk_temple_overflow_elements,
          serial_park_tiny_2, grunt_ministairs_12
D:5:      layout_basic, chequers_serial_rivers_micro_e
D:7:      layout_rooms, nicolae_gozag_cash_rules_everything_around_me,
          minmay_temple_entry_ruins, uniq_joseph

Skill      XL: |  1  2  3  4  5  6 |
---------------+-------------------+-----
Axes           | 4 5 6 7 |  7.7
Fighting       | 4 5 |  5.8
Dodging        | 3 4 |  4.9
Stealth        | 1 2 |  2.6
Armour         | |  2.8

Action                   |  1- 3 |  4- 6 |  7- 9 || total
-------------------------+-------+-------+-------++-------
Melee: Hand axe          |    61 |   105 |     8 ||   174
       Headbutt          |     8 |    17 |     2 ||    27
Invok: Berserk           |       |       |     1 ||     1
  Use: Scroll            |     1 |     3 |       ||     4
 Stab: Distracted        |       |     1 |       ||     1
       Sleeping          |       |     2 |       ||     2
Armor: Animal skin       |    23 |    14 |     2 ||    39
Dodge: Dodged            |    50 |    56 |    11 ||   117
